Map: [ESL] Inside and Out

Players

YoungYakov

  • Race: Zerg Zerg
  • Spawn Location: 1:00

Reynor - Winner!

  • Race: Zerg Zerg
  • Spawn Location: 7:00

Event: DreamHack SC2 Masters 2022 Atlanta (Online)

VOD

Have the link to the VOD?

Description

Time

  • Played on: Oct. 8, 2022, 1:19 p.m.
  • Length: 6:43

All games in this series

Show
View Real Time Build Order
Export as new Build Order

YoungYakov Zerg 

Build Orders: Pool First 

Get SALT Encoding   

  12  0:00  Drone  
  13  0:12  Overlord  
  13  0:17  Drone  
  14  0:30  Drone  
  14  0:31  Drone  
  16  0:41  Spawning Pool  
  15  0:44  Extractor  
  15  0:45  Drone  
  15  0:50  Drone  
  16  1:12  Hatchery  
  16  1:16  Drone  
  16  1:28  Zergling x6  
  19  1:45  Metabolic Boost  
  19  1:48  Queen  
  21  1:54  Overlord  
  21  1:59  Zergling x2  
  22  2:14  Zergling x4  
  24  2:23  Zergling x2  
  24  2:26  Queen  
  24  2:27  Zergling x2  
  28  2:34  Zergling x2  
  28  2:35  Zergling x2  
  29  2:46  Zergling x4  
  30  2:54  Zergling x2  
  30  2:56  Zergling x6  
  34  3:00  Overlord  
  34  3:07  Zergling x4  
  36  3:19  Zergling x4  
  35  3:29  Zergling x8  
  37  3:37  Zergling x2  
  33  3:44  Zergling x10  
  36  3:57  Drone x2  
  34  4:05  Drone x4  
  39  4:17  Drone x2  
  39  4:19  Drone  
  41  4:26  Drone x2, Overlord  
  43  4:32  Drone  
  43  4:33  Evolution Chamber  
  39  4:43  Baneling Nest  
  39  4:44  Drone x2  
  39  4:54  Drone x2  
  39  4:56  Drone  
  39  4:57  Drone x3  
  45  5:03  Roach Warren  
  43  5:15  Evolution Chamber  
  43  5:20  Zergling x8  
  46  5:25  Overlord  
  46  5:29  Zergling x2  
  47  5:37  Zergling x8  
  47  5:43  Baneling x4  
  47  5:45  Zergling x4  
  49  5:53  Zergling x4, Baneling  
  51  5:58  Baneling  
  51  6:00  Zergling x2  
  51  6:01  Zergling x4  
  52  6:05  Queen  
  46  6:19  Zergling x2  
  46  6:20  Zergling x8  
Show
View Real Time Build Order
Export as new Build Order

Reynor Zerg - Winner!

Build Orders: Hatch First 

Get SALT Encoding   

  12  0:00  Drone  
  13  0:11  Overlord  
  13  0:16  Drone  
  14  0:30  Drone x2  
  16  0:47  Hatchery  
  15  0:51  Drone  
  15  0:54  Drone  
  17  0:58  Drone  
  18  1:08  Extractor  
  17  1:12  Spawning Pool  
  17  1:16  Drone  
  17  1:19  Drone  
  18  1:27  Drone  
  19  1:38  Drone  
  20  1:50  Drone  
  21  2:00  Zergling x4, Queen x2  
  27  2:10  Zergling x2  
  27  2:11  Metabolic Boost  
  27  2:12  Overlord  
  28  2:30  Drone x2  
  28  2:32  Drone  
  28  2:33  Drone  
  32  2:43  Drone x2  
  33  2:51  Baneling Nest  
  33  2:52  Overlord  
  33  2:54  Drone  
  33  2:56  Queen  
  35  3:04  Drone  
  36  3:10  Overlord  
  36  3:12  Zergling x4  
  38  3:13  Zergling x8  
  38  3:18  Evolution Chamber  
  41  3:21  Zergling x2  
  41  3:24  Zergling x2  
  42  3:30  Zergling x4  
  41  3:40  Zergling x4  
  37  3:50  Zergling x2  
  37  3:51  Baneling x2  
  37  3:52  Zergling x2  
  37  3:54  Zerg Melee Weapons Level 1  
  39  4:01  Zergling x2  
  37  4:03  Drone  
  37  4:05  Baneling  
  37  4:09  Queen, Drone  
  39  4:12  Drone  
  39  4:16  Drone x2  
  44  4:18  Baneling  
  44  4:19  Drone  
  44  4:23  Overlord  
  45  4:26  Drone  
  45  4:27  Drone  
  45  4:29  Drone  
  48  4:35  Overlord  
  48  4:36  Drone  
  49  4:42  Baneling  
  48  4:55  Zergling x4  
  48  4:56  Zergling x4, Hatchery  
  48  4:59  Zergling x6  
  54  5:05  Zergling x2  
  55  5:09  Drone  
  56  5:14  Overlord  
  56  5:19  Zergling x6  
  59  5:26  Zergling x6  
  62  5:29  Overlord  
  62  5:31  Drone  
  63  5:42  Zergling x4  
  64  5:50  Zergling x6  
  64  5:52  Overlord  
  64  5:53  Zergling x8, Roach Warren  
  64  5:56  Baneling x4  
  70  5:59  Baneling x4  
  70  6:01  Baneling  
  70  6:03  Zergling x2  
  70  6:05  Queen  
  70  6:06  Zergling x2  
  70  6:08  Zergling x2  
  70  6:14  Baneling  
  68  6:19  Zergling x6  
Tags
 
Add a new tag
Caveats
  • Supply blocks, unpowered buildings, or Contaminate may cause inaccurate times.
  • Supply counts are checked every 10 seconds.